Map: New Gettysburg LE

Players

Chowydem

  • Race: Terran Terran
  • League: Gold
  • Spawn Location: 7:00

Fropez - Winner!

  • Race: Protoss Protoss
  • League: Gold
  • Spawn Location: 5:00

VOD

Have the link to the VOD?

Description

Time

  • Played on: Aug. 26, 2016, 1:33 p.m.
  • Length: 9:55
Show
View Real Time Build Order
Export as new Build Order

Chowydem Terran 

Build Orders: MMM Bio 

Get SALT Encoding   

  12  0:02  SCV  
  13  0:16  Supply Depot  
  13  0:19  SCV  
  14  0:31  SCV  
  15  0:41  Barracks  
  15  0:43  SCV  
  16  0:55  SCV, Supply Depot  
  17  1:07  SCV  
  18  1:26  Barracks  
  18  1:29  Refinery  
  18  1:30  SCV, Refinery  
  19  1:38  Supply Depot  
  19  1:43  SCV  
  19  1:46  Marine  
  21  1:55  SCV  
  22  2:07  SCV  
  23  2:10  Barracks Reactor  
  23  2:14  Barracks Tech Lab  
  23  2:19  SCV  
  24  2:32  Factory  
  24  2:39  Marauder  
  26  2:47  Orbital Command  
  26  2:49  Marine x2  
  26  2:51  Combat Shields  
  28  2:59  Marine  
  29  3:14  Marine x2  
  29  3:18  Supply Depot, Marauder  
  29  3:19  Factory Tech Lab  
  33  3:25  Starport  
  33  3:41  Marine x2  
  34  3:43  Marauder  
  34  3:48  Siege Tank  
  37  4:38  Medivac  
  38  4:53  Stimpack  
  38  4:56  Marine x2, Marauder  
  42  5:02  Supply Depot  
  42  5:28  Marine x2, Marauder  
  46  5:40  Siege Tank  
  46  5:41  Medivac  
  51  5:49  Marine x2, Marauder  
  55  6:02  Bunker  
  54  6:43  Marauder  
  55  6:48  Viking  
  51  7:04  Marine x2, Marauder  
  54  7:42  Marauder  
  26  8:29  Marine x2  
  26  8:30  Marauder  
Show
View Real Time Build Order
Export as new Build Order

Fropez Protoss - Winner!

Build Orders: 1 Gate Expand 

Get SALT Encoding   

  12  0:01  Probe (Chrono Boost)  
  13  0:17  Pylon  
  13  0:19  Probe (Chrono Boost)  
  14  0:36  Probe (Chrono Boost)  
  15  0:45  Gateway  
  15  0:51  Probe (Chrono Boost)  
  16  1:01  Probe (Chrono Boost)  
  16  1:03  Pylon  
  17  1:23  Nexus  
  17  1:26  Probe (Chrono Boost)  
  18  1:36  Probe (Chrono Boost)  
  19  1:42  Cybernetics Core  
  19  1:48  Probe (Chrono Boost)  
  19  1:50  Assimilator  
  20  1:59  Probe (Chrono Boost)  
  21  2:09  Probe (Chrono Boost)  
  21  2:11  Pylon  
  22  2:16  Assimilator  
  22  2:24  Adept (Chrono Boost)  
  24  2:31  Probe  
  24  2:34  Probe  
  26  2:43  Probe  
  27  2:46  Warp Gate (Chrono Boost)  
  27  2:48  Adept  
  29  3:01  Gateway x2  
  29  3:03  Probe  
  29  3:04  Pylon  
  29  3:05  Probe  
  31  3:15  Mothership Core  
  31  3:19  Adept  
  35  3:27  Pylon  
  35  3:33  Probe  
  36  3:44  Probe  
  37  3:51  Twilight Council  
  37  3:56  Probe  
  37  3:57  Probe  
  39  4:06  Probe, Robotics Facility  
  40  4:10  Pylon  
  36  4:48  Probe  
  36  4:50  Probe  
  36  4:53  Resonating Glaives (Chrono Boost)  
  36  4:58  Warp Prism  
  38  5:02  Probe  
  38  5:04  Probe  
  40  5:08  Gateway  
  40  5:14  Gateway  
  40  5:15  Adept, Gateway  
  40  5:16  Adept x2  
  40  5:18  Gateway  
  46  5:22  Probe  
  46  5:23  Probe  
  42  5:32  Gateway  
  42  5:33  Probe  
  42  5:35  Immortal  
  47  5:36  Probe, Assimilator  
  47  5:37  Assimilator  
  47  5:40  Pylon  
  48  5:43  Probe  
  48  5:48  Probe  
  50  5:52  Pylon  
  50  5:53  Pylon  
  50  5:54  Probe  
  51  6:01  Stalker x3  
  57  6:15  Forge  
  57  6:16  Forge  
  57  6:21  Pylon  
  57  6:31  Adept  
  57  6:32  Adept x3  
  59  6:58  Stalker x4  
  59  7:00  Stalker x2  
  63  7:10  Pylon  
  63  7:14  Blink  
  59  7:17  Probe x2  
  61  7:33  Adept x5  
  61  7:57  Probe  
  61  7:58  Probe  
  62  8:05  Adept x3  
  65  8:06  Adept x2  
  65  8:42  Adept x4  
  65  8:43  Adept  
  75  9:04  Adept  
  77  9:11  Pylon  
  77  9:13  Pylon  
  77  9:15  Pylon  
  77  9:17  Pylon  
  77  9:30  Stalker  
  77  9:31  Stalker x4  
Tags
 
Composition
MMM Bio
League
GoldGold
Matchup
PvT
Replay Pack
All Mines
Spawn Locations
Close Positions
Add a new tag
Caveats
  • Supply blocks, unpowered buildings, or Contaminate may cause inaccurate times.
  • Supply counts are checked every 10 seconds.